 Dungeon Crawl Stone Soup version 0.22.1-6-g1668fe2c40 (webtiles) character file.

587 LabCoat the Cleaver (level 7, 3/60 HPs)
             Began as a Hill Orc Fighter on Jan 25, 2019.
             Quit the game on level 4 of the Dungeon.
             The game lasted 00:14:08 (3566 turns).

LabCoat the Cleaver (Hill Orc Fighter)              Turns: 3566, Time: 00:14:08

Health: 3/60       AC: 11    Str: 25    XL:     7   Next: 38%
Magic:  2/7        EV:  7    Int:  8    God:
Gold:   155        SH: 10    Dex: 11    Spells: 6/6 levels left

rFire    . . .     SeeInvis .   a - +0 war axe
rCold    . . .     Gourm    .   c - +0 shield
rNeg     . . .     Faith    .   b - +0 scale mail
rPois    .         Spirit   +   (no helmet)
rElec    .         Reflect  .   g - +2 cloak
rCorr    .         Harm     .   k - +0 pair of gloves
MR       .....                  (no boots)
Stlth    ..........             p - amulet of guardian spirit
HPRegen  0.20/turn              (no ring)
MPRegen  0.10/turn              (no ring)

@: mighty, mildly poisoned (3 -> 2)
A: no striking features
a: no special abilities


You were on level 4 of the Dungeon.
You were not hungry.

You visited 1 branch of the dungeon, and saw 4 of its levels.

You collected 155 gold pieces.

Inventory:

Hand Weapons
 a - a +0 war axe (weapon)
 e - a cursed -3 hunting sling
 y - a +0 flail
Missiles
 n - 76 sling bullets
 t - 6 tomahawks (quivered)
Armour
 b - a +0 scale mail (worn)
 c - a +0 shield (worn)
 g - a +2 cloak (worn)
 k - a +0 pair of gloves (worn)
Jewellery
 l - an uncursed ring of magical power
 p - an amulet of guardian spirit (around neck)
 z - an uncursed ring of flight {unknown}
Wands
 r - a wand of iceblast (11)
 w - a wand of random effects (23)
Scrolls
 m - a scroll of remove curse
 u - 3 scrolls of identify
 v - a scroll of amnesia
 A - a scroll of fog
Potions
 d - a potion of might
 h - a potion of agility {unknown}
 i - a potion of mutation {unknown}
 j - a potion of magic {unknown}
 q - a potion of curing {unknown}
 s - a potion of lignification
 x - a potion of cancellation {unknown}
Comestibles
 f - 9 rations


   Skills:
 + Level 4.6 Fighting
 * Level 8.3 Axes
 + Level 4.3 Armour
 + Level 4.8 Shields


You had 6 spell levels left.
You didn't know any spells.
Your spell library was empty.

Dungeon Overview and Level Annotations

Branches:
Dungeon (4/15)
 Temple: D:4-7

Altars:
Kikubaaqudgha
Okawaru

Annotations:
D:4 1 runed door, Eustachio


Message History

The puff of frost misses you. You block the bat's attack.
The bat barely misses you. You block the quokka's attack.
The white imp hits you but does no damage.
The bat hits you but does no damage.
The quokka bites you but does no damage.
You block the bat's attack. The bat barely misses you.
The quokka barely misses you. You block the bat's attack.
The white imp barely misses you. The bat hits you but does no damage.
The bat hits you.
* * * LOW HITPOINT WARNING * * *
Eustachio mumbles some strange words.
Eustachio blinks!
You block the quokka's attack. The bat hits you but does no damage.
The white imp hits you.
* * * LOW HITPOINT WARNING * * *
The white imp freezes you.
* * * LOW HITPOINT WARNING * * *
Quiver which item? (- for none, * to show all) (? for menu, Esc to quit)
Okay, then.
Are you sure you want to abandon this character and quit the game? (Confirm

...#### ##.# ...#.##
.# #..# #####.##
#.#.####..# #.##
#......# #......<..#
#.# #....#.#
#.....###.# ..####
#....#.#####..#..#
.....#
#.............##.##
.....#
#....#.5#b........#
.....#
#.....5r5##..######
.....####.#...##@b..##
##.####.....#####b@##
##.##.....### ##.#
#........## #.#
..#.#.#### #....#
......#### #.##...
....[.รท..##### #.#
####
.##.####.....###.##
.##.#######........


You could see Eustachio, 2 white imps, an ufetubus, a quokka and 3 bats.

Vanquished Creatures
  A phantom (D:4)
  An ogre (D:4)
  A centaur (D:4)
  A crimson imp (D:2)
  2 hounds (D:4)
  Jessica (D:3)
  An iguana (D:4)
  A worker ant (D:4)
  9 adders
  2 oozes
  An adder skeleton (D:4)
  2 worms
  4 leopard geckos
  A giant cockroach (D:2)
  9 goblins
  7 hobgoblins
  12 kobolds
  2 quokkas
  A ball python (D:4)
  4 bats
  6 frilled lizards
  5 rats
74 creatures vanquished.

Notes
Turn   | Place    | Note
-------+----------+-------------------------------------------
     0 | D:1      | LabCoat the Hill Orc Fighter began the quest for the Orb.
     0 | D:1      | Reached XP level 1. HP: 19/19 MP: 1/1
   375 | D:1      | Reached skill level 3 in Axes
   375 | D:1      | Reached XP level 2. HP: 25/27 MP: 2/2
   939 | D:2      | Reached XP level 3. HP: 33/33 MP: 3/3
  1246 | D:2      | Reached skill level 4 in Axes
  1603 | D:2      | Reached XP level 4. HP: 35/40 MP: 4/4
  1609 | D:2      | Reached skill level 5 in Axes
  1955 | D:3      | Reached XP level 5. HP: 46/46 MP: 5/5
  2096 | D:3      | Found an iron altar of Okawaru.
  2578 | D:3      | Noticed Jessica
  2583 | D:3      | Killed Jessica
  2583 | D:3      | Reached skill level 6 in Axes
  2646 | D:3      | Found an iron altar of Okawaru.
  2772 | D:4      | Noticed a phantom
  2804 | D:4      | Killed a phantom
  2804 | D:4      | Reached XP level 6. HP: 43/52 MP: 4/6
  2880 | D:4      | Reached skill level 7 in Axes
  3051 | D:4      | Found an ancient bone altar of Kikubaaqudgha.
  3112 | D:4      | Reached XP level 7. HP: 45/60 MP: 4/7
  3367 | D:4      | Found a runed door.
  3376 | D:4      | Reached skill level 8 in Axes
  3504 | D:4      | Noticed Eustachio
  3565 | D:4      | HP: 3/60 [white imp[Eustachio] (2)]
  3566 | D:4      | Quit the game

Skill      XL: |  1  2  3  4  5  6  7 |
---------------+----------------------+-----
Axes           | 3 4 5 6 7 8 |  8.3
Fighting       | 4 |  4.6
Shields        | 4 |  4.8
Armour         | 4 |  4.3

Action                   |  1- 3 |  4- 6 |  7- 9 || total
-------------------------+-------+-------+-------++-------
Melee: War axe           |   114 |   156 |    51 ||   321
  Use: Scroll            |     4 |     4 |       ||     8
       Potion            |       |       |     2 ||     2
  Eat: Chunk             |     2 |     5 |     2 ||     9
Armor: Scale mail        |    48 |    66 |    39 ||   153
       Skin              |       |       |    54 ||    54
Dodge: Dodged            |    34 |    41 |    24 ||    99
Block: Shield            |    59 |    77 |    85 ||   221
